Map: Forêt cybernétique EC

Players

Sorandom - Winner!

  • Race: Zerg Zerg
  • League: Diamond
  • Spawn Location: 11:00

pRotek

  • Race: Protoss Protoss
  • League: Diamond
  • Spawn Location: 5:00

VOD

Have the link to the VOD?

Description

Time

  • Played on: April 23, 2019, 11:18 a.m.
  • Length: 5:44
Show
View Real Time Build Order
Export as new Build Order

Sorandom Zerg - Winner!

Build Orders: Pool First 

Get SALT Encoding   

  12  0:01  Drone  
  13  0:13  Drone  
  14  0:16  Overlord  
  14  0:34  Drone  
  14  0:35  Drone  
  16  0:37  Extractor  
  16  0:40  Drone  
  16  0:45  Drone  
  17  0:53  Spawning Pool  
  16  0:57  Drone  
  17  1:07  Drone  
  18  1:26  Hatchery  
  17  1:39  Zergling x2  
  18  1:40  Zergling x2  
  18  1:41  Drone  
  20  1:47  Queen  
  22  1:55  Overlord  
  22  2:02  Metabolic Boost  
  22  2:15  Roach Warren  
  21  2:17  Drone  
  22  2:25  Spine Crawler  
  21  2:31  Zergling x2  
  21  2:35  Spine Crawler  
  19  2:45  Zergling x4  
  19  2:51  Zergling x2  
  19  2:58  Roach  
  21  3:11  Roach x2  
  19  3:21  Queen  
  20  3:42  Roach  
  20  3:43  Roach  
  24  4:15  Zergling x6  
  24  4:31  Zergling x2  
  24  4:38  Zergling x2  
  25  4:52  Zergling x2  
  26  5:06  Drone  
  27  5:08  Hatchery  
  26  5:33  Ravager x2  
Show
View Real Time Build Order
Export as new Build Order

pRotek Protoss 

Build Orders:  

Get SALT Encoding   

  12  0:00  Probe  
  13  0:08  Probe  
  14  0:17  Probe  
  15  0:35  Pylon  
  15  0:53  Gateway  
  15  0:55  Gateway  
  15  0:58  Gateway  
  15  1:09  Gateway  
  15  1:36  Probe  
  15  1:38  Pylon  
  16  1:44  Zealot  
  16  1:45  Zealot  
  16  1:47  Zealot  
  22  2:08  Zealot  
  23  2:11  Zealot  
  23  2:12  Zealot  
  27  2:17  Zealot  
  29  2:38  Zealot  
  29  2:42  Zealot  
  27  2:57  Zealot  
  27  2:58  Zealot  
  31  3:12  Zealot x2  
  31  3:17  Pylon  
  29  3:20  Assimilator, Probe  
  30  3:28  Zealot  
  30  3:32  Probe  
  31  3:35  Zealot x2  
  31  3:39  Zealot  
  33  3:54  Probe  
  32  3:58  Cybernetics Core  
  26  4:14  Forge  
  26  4:16  Zealot  
  22  4:18  Probe  
  25  4:51  Probe  
  20  5:01  Photon Cannon  
  20  5:03  Photon Cannon  
  20  5:06  Robotics Facility  
  20  5:10  Assimilator  
Tags
 
Add a new tag
Caveats
  • Supply blocks, unpowered buildings, or Contaminate may cause inaccurate times.
  • Supply counts are checked every 10 seconds.